Map: Orbital Shipyard

Players

Azq

  • Race: Protoss Protoss
  • League: Platinum

Trizztein - Winner!

  • Race: Terran Terran
  • League: Platinum

VOD

Have the link to the VOD?

Description

Time

  • Played on: Jan. 3, 2016, 6:46 a.m.
  • Length: 16:15
Show
View Real Time Build Order
Export as new Build Order

Azq Protoss 

Build Orders:  

Get SALT Encoding   

  12  0:02  Probe (Chrono Boost)  
  13  0:12  Probe (Chrono Boost)  
  14  0:25  Pylon  
  14  0:26  Probe (Chrono Boost)  
  15  0:43  Probe (Chrono Boost)  
  15  0:44  Gateway  
  15  0:49  Assimilator  
  16  0:54  Probe (Chrono Boost)  
  17  0:58  Pylon  
  17  1:05  Probe (Chrono Boost)  
  19  1:18  Probe (Chrono Boost)  
  19  1:32  Cybernetics Core  
  19  1:38  Probe (Chrono Boost)  
  20  1:47  Nexus  
  20  1:52  Assimilator  
  20  1:55  Probe (Chrono Boost)  
  23  2:09  Mothership Core (Chrono Boost)  
  23  2:13  Adept  
  25  2:27  Probe (Chrono Boost)  
  26  2:40  Adept  
  28  2:45  Probe (Chrono Boost)  
  29  2:52  Gateway  
  29  2:55  Probe (Chrono Boost)  
  29  2:57  Warp Gate (Chrono Boost)  
  29  2:58  Probe (Chrono Boost)  
  30  3:04  Twilight Council  
  31  3:09  Pylon  
  31  3:12  Pylon  
  31  3:30  Pylon  
  31  3:33  Probe  
  31  3:34  Probe  
  33  3:41  Resonating Glaives  
  33  3:43  Probe  
  33  3:46  Probe  
  35  3:52  Gateway  
  35  3:54  Probe  
  36  3:58  Probe  
  37  4:04  Probe  
  37  4:08  Forge  
  38  4:10  Probe  
  38  4:15  Probe  
  36  4:44  Probe, Protoss Ground Armor Level 1 (Chrono Boost)  
  36  4:45  Probe  
  38  4:50  Assimilator  
  38  4:54  Adept x3  
  38  4:55  Assimilator  
  38  4:57  Probe  
  45  5:06  Gateway  
  45  5:09  Gateway  
  45  5:14  Gateway  
  45  5:16  Pylon  
  45  5:22  Pylon  
  45  5:26  Pylon  
  45  5:30  Pylon  
  45  5:31  Probe  
  45  5:34  Mothership Core, Adept x2  
  45  5:35  Adept  
  54  5:43  Probe  
  54  5:44  Forge  
  54  5:49  Robotics Facility  
  55  5:55  Probe x2  
  57  5:58  Photon Cannon  
  57  6:03  Adept, Photon Cannon  
  59  6:07  Probe x2  
  59  6:09  Adept  
  59  6:10  Adept  
  65  6:19  Protoss Ground Weapons Level 1 (Chrono Boost)  
  65  6:30  Protoss Ground Armor Level 2 (Chrono Boost)  
  65  6:32  Sentry  
  67  6:33  Sentry  
  67  6:34  Stalker  
  67  6:36  Stalker  
  67  6:37  Stalker  
  76  6:40  Observer  
  76  7:00  Nexus  
  76  7:02  Pylon  
  76  7:07  Pylon  
  76  7:10  Pylon  
  76  7:18  Probe  
  76  7:19  Probe, Pylon  
  76  7:20  Immortal  
  76  7:22  Stalker  
  84  7:30  Pylon  
  84  7:33  Probe x2  
  86  7:40  Stalker x2  
  86  7:41  Adept  
  92  7:45  Probe  
  92  7:50  Adept x2  
  92  8:07  Photon Cannon  
  92  8:10  Photon Cannon  
  92  8:12  Pylon  
  92  8:14  Photon Cannon  
  92  8:16  Probe  
  92  8:17  Probe x2  
  95  8:34  Adept x3  
  97  8:37  Stalker x2  
  97  8:38  Stalker  
  107  8:42  Immortal  
  107  8:48  Protoss Ground Weapons Level 2 (Chrono Boost)  
  111  8:58  Sentry  
  113  9:03  Protoss Ground Armor Level 3 (Chrono Boost)  
  113  9:05  Assimilator  
  113  9:09  Assimilator  
  113  9:15  Photon Cannon  
  113  9:20  Photon Cannon  
  113  9:22  Photon Cannon  
  113  9:25  Immortal  
  113  9:26  Pylon  
  117  9:44  Probe, Robotics Facility  
  117  9:46  Probe x2, Gateway  
  117  9:51  Stalker  
  117  9:52  Stalker x3  
  128  9:53  Adept  
  128  9:58  Probe  
  131  10:08  Observer  
  131  10:29  Immortal  
  131  10:32  Immortal  
  139  10:36  Stalker  
  139  10:37  Stalker x3  
  139  10:42  Adept  
  149  10:53  Pylon  
  149  10:56  Protoss Ground Weapons Level 3 (Chrono Boost)  
  149  10:57  Pylon x2  
  149  11:00  Pylon x2  
  149  11:12  Stargate  
  149  11:14  Immortal  
  149  11:18  Immortal  
  157  11:20  Stalker x4  
  157  11:22  Adept x2  
  169  11:30  Stargate  
  169  11:35  Photon Cannon  
  169  11:51  Stalker x2  
  169  11:52  Warp Prism  
  175  11:54  Stalker  
  175  11:58  Phoenix  
  175  11:59  Protoss Shields Level 1 (Chrono Boost)  
  179  12:16  Nexus  
  179  12:17  Pylon  
  179  12:21  Pylon  
  179  12:23  Oracle  
  179  12:24  Pylon  
  179  12:25  Observer  
  123  13:09  Void Ray (Chrono Boost)  
  123  13:11  Void Ray (Chrono Boost)  
  131  13:15  Protoss Air Weapons Level 1  
  131  13:19  Fleet Beacon  
  131  13:21  Stalker  
  131  13:22  Stalker  
  135  13:29  Stargate  
  133  13:49  Void Ray (Chrono Boost)  
  76  14:37  Stalker x3  
  76  14:38  Stalker x3  
  72  14:45  Tempest x2 (Chrono Boost)  
  80  14:49  Tempest (Chrono Boost)  
  55  15:33  Stalker x4  
  55  15:34  Stalker  
Show
View Real Time Build Order
Export as new Build Order

Trizztein Terran - Winner!

Build Orders: Reaper Expand, MMM Bio 

Get SALT Encoding   

  12  0:01  SCV  
  13  0:13  SCV  
  14  0:18  Supply Depot  
  14  0:25  SCV  
  15  0:39  SCV  
  15  0:41  Barracks  
  16  0:44  Refinery  
  16  0:52  SCV  
  17  1:04  SCV  
  18  1:16  SCV  
  19  1:28  Orbital Command  
  19  1:29  Reaper  
  20  1:41  Command Center  
  20  1:50  Supply Depot  
  20  1:54  SCV  
  21  2:06  SCV  
  21  2:07  Barracks Reactor  
  22  2:18  SCV  
  23  2:26  Command Center  
  23  2:30  SCV  
  23  2:41  Factory  
  23  2:43  SCV  
  23  2:44  Marine x2  
  26  2:52  Refinery  
  26  2:55  SCV  
  27  2:58  Orbital Command  
  27  3:06  Marine x2  
  27  3:07  SCV  
  30  3:27  Marine x2  
  30  3:30  Supply Depot  
  30  3:31  SCV x2, Supply Depot  
  30  3:32  Factory Tech Lab  
  34  3:41  Orbital Command  
  34  3:43  SCV  
  34  3:45  Marine  
  36  3:52  Cyclone  
  39  3:59  Barracks  
  39  4:00  Marine  
  40  4:07  SCV  
  41  4:11  SCV  
  41  4:14  SCV  
  43  4:18  Marine  
  43  4:23  SCV  
  43  4:24  SCV  
  43  4:38  SCV x3  
  43  4:43  Cyclone  
  49  4:47  Barracks Tech Lab  
  49  4:49  Barracks  
  49  4:50  SCV x2  
  51  4:53  Refinery  
  51  4:54  Refinery  
  51  4:57  Engineering Bay  
  51  5:02  SCV  
  51  5:03  SCV x2  
  54  5:12  Stimpack  
  54  5:13  Marine  
  55  5:14  Barracks Reactor  
  55  5:17  Supply Depot  
  55  5:23  Terran Infantry Weapons Level 1  
  55  5:31  Starport  
  55  5:34  Factory Reactor  
  56  5:40  Orbital Command  
  55  5:52  Marine x2  
  55  5:56  Marauder  
  60  5:58  Marauder  
  60  6:01  SCV  
  60  6:02  SCV  
  60  6:03  Supply Depot  
  60  6:04  Supply Depot  
  63  6:07  SCV  
  63  6:09  Marine x2  
  66  6:14  SCV  
  66  6:17  Medivac  
  69  6:25  Marauder, Medivac  
  74  6:28  SCV x2, Marauder  
  74  6:30  SCV  
  78  6:35  Supply Depot x2, Marine x2  
  78  6:37  Factory Reactor  
  80  6:40  SCV x2, Liberator  
  80  6:42  Missile Turret  
  80  6:46  Marine  
  83  6:48  SCV, Missile Turret, Marine  
  83  6:49  Missile Turret  
  85  6:57  SCV x2, Medivac  
  85  7:00  Concussive Shells  
  92  7:03  Marine x2  
  92  7:04  Marine  
  92  7:06  Starport, Marine  
  92  7:07  SCV  
  97  7:09  SCV  
  97  7:12  Combat Shields  
  98  7:21  Marine x2  
  100  7:23  SCV  
  100  7:27  Refinery  
  100  7:28  Refinery  
  101  7:34  Supply Depot  
  101  7:35  Supply Depot  
  101  7:38  Liberator  
  101  7:54  SCV, Marine  
  101  7:55  SCV x2, Marine  
  101  7:56  Marauder  
  101  7:57  Marauder  
  109  8:06  SCV  
  109  8:11  Terran Infantry Armor Level 1, Barracks  
  109  8:12  Barracks, Marine  
  102  8:13  Marine  
  102  8:17  Marauder  
  102  8:18  Marine  
  98  8:21  Liberator x2  
  97  8:30  Marine  
  96  8:36  SCV x3, Factory Reactor, Marauder  
  96  8:38  Marauder  
  109  8:45  Supply Depot  
  109  8:46  Medivac  
  109  8:47  Medivac  
  109  8:48  SCV  
  114  8:54  Ghost Academy  
  114  8:58  Barracks  
  114  9:00  Barracks  
  114  9:01  Barracks  
  114  9:03  Armory  
  114  9:04  Engineering Bay  
  114  9:06  Barracks Reactor, Barracks Tech Lab, Liberator  
  114  9:07  Marauder x2, Marine x2  
  120  9:22  SCV x2  
  125  9:36  Command Center x2  
  125  9:43  Supply Depot  
  125  9:44  Supply Depot, Liberator  
  125  9:46  Supply Depot  
  125  9:47  Supply Depot  
  125  9:48  Liberator x2  
  125  9:49  Barracks Tech Lab  
  125  9:56  Personal Cloaking  
  125  9:58  Barracks Reactor, Barracks Tech Lab  
  125  10:00  Ghost x2  
  125  10:01  Supply Depot, Marine  
  125  10:05  Marine x2  
  125  10:06  Marine x2  
  141  10:18  Marine  
  141  10:22  Ghost, Marine  
  141  10:24  Marine x3  
  141  10:25  Marine  
  141  10:29  Marine  
  141  10:30  Liberator, Marauder  
  141  10:31  Medivac  
  146  10:36  Marine  
  146  10:37  Supply Depot  
  146  10:38  Marine x2  
  146  10:39  Supply Depot  
  146  10:40  Marine  
  146  10:41  Marine x2  
  146  10:42  Ghost x2  
  152  10:43  Medivac  
  152  10:44  Liberator  
  152  10:47  Marine  
  152  10:48  Viking  
  164  10:50  Marine  
  164  10:51  Terran Infantry Armor Level 2  
  164  10:52  Marauder  
  170  11:05  Marauder  
  170  11:09  Marauder  
  170  11:11  Ghost  
  176  11:19  Planetary Fortress  
  176  11:23  Terran Infantry Weapons Level 2  
  176  11:28  Terran Ship Weapons Level 1  
  176  11:29  Planetary Fortress  
  176  11:44  Refinery  
  176  11:46  Marine  
  177  11:47  Marine x4, Refinery, Marauder x3  
  177  11:48  Marine x2, Marauder  
  191  12:04  Marine  
  191  12:05  Ghost, Missile Turret, Marine x5  
  191  12:06  Sensor Tower  
  191  12:08  Marine  
  200  12:33  Marine  
  159  13:00  Marine x2  
  159  13:01  Marine x5, Marauder x3  
  172  13:09  SCV x2  
  174  13:39  Marine x7  
  174  13:40  Marine x4  
  185  13:57  Marine x4  
  185  13:58  Marauder x4  
  191  14:16  Marine x7  
  182  14:19  Marauder x2, Marine  
  177  14:30  Ghost  
  174  14:34  Ghost, Marine x2  
  174  14:36  Ghost  
  177  14:55  Marine x3  
  177  14:56  Marine x5  
  177  14:59  Marine  
  182  15:03  Marine  
  182  15:05  Marine  
  184  15:13  Marine x5  
  184  15:14  Marauder x2, Marine  
  188  15:17  Marauder  
  187  15:42  Marine x4  
  187  15:43  Marine x7  
  197  15:50  Command Center  
  197  15:52  Command Center  
Tags
 
Add a new tag
Caveats
  • Supply blocks, unpowered buildings, or Contaminate may cause inaccurate times.
  • Supply counts are checked every 10 seconds.